 Dungeon Crawl Stone Soup version 0.28-a0-1406-ga8dd43b1d0 (webtiles) character file.

Game seed: 6240940008682855658

106193 Lekart the Peltast (level 15, -4/132 HPs)
             Began as a Green Draconian Fighter on Jan 6, 2022.
             Was an Elder of Zin.
             Slain by a reaper (25 damage)
             ... in an ice cave.
             The game lasted 01:52:23 (42898 turns).

Lekart the Peltast (Green Draconian Fighter)       Turns: 42898, Time: 01:52:23

Health: -4/132     AC: 16    Str: 23    XL:     15   Next: 96%
Magic:  24/24      EV: 36    Int: 13    God:    Zin [****..]
Gold:   1707       SH: 12    Dex: 21    Spells: 12/14 levels left

rFire   . . .      SeeInvis .   b - +3 scimitar (flame)
rCold   + + .      Faith    .   J - +3 buckler
rNeg    . . .      Spirit   .   (armour unavailable)
rPois   ∞          Reflect  .   H - +2 hat
rElec   .          Harm     .   q - +2 cloak {rCorr}
rCorr   +          Rampage  .   x - +1 pair of gloves
Will    +....                   (no boots)
Stlth   ++........              j - amulet of the acrobat
HPRegen 0.32/turn               P - ring of protection from cold
MPRegen 0.19/turn               t - ring of protection from cold

@: mighty, vitalised, on recite cooldown, acrobatic, studying Shields
A: breathe noxious fumes, AC +9, unfitting armour, stinger 1, poison resistance,
cold-blooded
a: Breathe Noxious Fumes, Renounce Religion, Recite, Vitalisation, Imprison,
Donate Gold


You were in an ice cave.
You worshipped Zin.
Zin was greatly pleased with you.
You visited 5 branches of the dungeon, and saw 25 of its levels.
You also visited: Ice Cave.

You collected 3353 gold pieces.
You spent 1340 gold pieces at shops.
You donated 306 gold pieces to Zin.

Inventory:

Hand Weapons
 a - a +0 long sword of freezing
 b - a +3 scimitar of flaming (weapon)
 f - a +3 whip of electrocution
 y - a +2 long sword of holy wrath
 F - the +6 whip of World's End {freeze, rF++ rC++ Will-}
   (You found it on level 3 of the Lair of Beasts)

   It freezes those it strikes, dealing additional cold damage.
   It can also slow down cold-blooded creatures.
   rF:        It greatly protects you from fire.
   rC:        It greatly protects you from cold.
   Will:      It decreases your willpower.
Armour
 q - a +2 cloak of preservation (worn)
 x - a +1 pair of gloves (worn)
 H - a +2 hat (worn)
 J - a +3 buckler (worn)
Jewellery
 g - a ring of see invisible
 j - an amulet of the acrobat (around neck)
 n - a ring of flight
 t - a ring of protection from cold (right hand)
 v - a +4 ring of evasion
 I - a ring of positive energy
 L - a +4 ring of evasion
 M - a ring of protection from fire
 P - a ring of protection from cold (left hand)
 T - the ring of Ytojoz {rPois rF+ Str+7}
   (You found it on level 1 of the Spider Nest)

   [ring of poison resistance]

   Str:       It affects your strength (+7).
   rF:        It protects you from fire.
   rPois:     It protects you from poison.
Wands
 c - a wand of digging (15)
 r - a wand of charming (1)
 E - a wand of mindburst (6)
 G - a wand of iceblast (11)
Scrolls
 d - 13 scrolls of teleportation
 e - 5 scrolls of magic mapping
 o - 2 scrolls of enchant armour
 p - a scroll of amnesia
 u - 5 scrolls of fear
 w - a scroll of silence
 z - 2 scrolls of enchant weapon
 A - 2 scrolls of brand weapon
 Q - 2 scrolls of identify
 R - a scroll of immolation
 S - a scroll of blinking
Potions
 h - a potion of attraction
 i - a potion of magic
 k - 6 potions of curing
 l - 3 potions of might
 m - a potion of invisibility
 s - 4 potions of resistance
 B - 2 potions of heal wounds
 C - 2 potions of haste
 D - a potion of cancellation
 N - a potion of ambrosia
 O - a potion of mutation
Miscellaneous
 K - a lightning rod (inert)


   Skills:
 + Level 11.9 Fighting
 + Level 10.1 Long Blades
 + Level 12.1 Maces & Flails
 + Level 12.0 Dodging
 * Level 16.7 Shields
 * Level 12.1 Invocations
 + Level 2.8 Evocations


You had 12 spell levels left.
You knew the following spells:

 Your Spells              Type           Power      Damage    Failure   Level
a - Passwall              Tmut/Erth      0%         N/A       45%         2

Your spell library contained the following spells:

 Spells                   Type           Power      Damage    Failure   Level
 Sandblast                Erth           0%         2d4       34%         1
 Summon Small Mammal      Summ           0%         N/A       34%         1
 Corpse Rot               Necr/Air       0%         N/A       45%         2
 Call Canine Familiar     Summ           0%         N/A       71%         3
 Conjure Flame            Conj/Fire      0%         6-21      71%         3
 Ignite Poison            Fire/Tmut/Pois 0%         N/A       71%         3
 Mephitic Cloud           Conj/Pois/Air  0%         N/A       71%         3
 Stone Arrow              Conj/Erth      0%         3d7       71%         3
 Summon Guardian Golem    Hex/Summ       0%         N/A       71%         3
 Swiftness                Air            0%         N/A       71%         3
 Dispel Undead            Necr           0%         3d6       98%         4
 Leda's Liquefaction      Hex/Erth       0%         N/A       98%         4
 Sticky Flame             Conj/Fire      0%         2d3       98%         4
 Freezing Cloud           Conj/Ice/Air   0%         6-21      100%        5
 Lee's Rapid Deconstruct  Erth           0%         3d5*      100%        5
 Death Channel            Necr           0%         N/A       100%        6
 Statue Form              Tmut/Erth      0%         N/A       100%        6
 Lehudib's Crystal Spear  Conj/Erth      0%         10d2      100%        8
 Animate Armour           Summ/Erth      Unusable   N/A       N/A         4

Dungeon Overview and Level Annotations

Branches:
Dungeon (14/15)            Temple (1/1) D:7            Lair (6/6) D:10
  Swamp (0/4) Lair:3       Spider (2/4) Lair:2        Slime (0/5) Lair:5
    Orc (2/2) D:12            Elf (0/3) Orc:2         IceCv (1/1)
 Vaults: D:13-14

Altars:
Ashenzari
Cheibriados
Dithmenos
Elyvilon
Fedhas
Gozag
Hepliaklqana
Kikubaaqudgha
Makhleb
Nemelex Xobeh
Okawaru
Qazlal
Ru
Sif Muna
Trog
Uskayaw
Vehumet
Wu Jian
Xom
Yredelemnul
Zin
The Shining One
Jiyva

Shops:
D:10 (   Orc:1 *   Orc:2 :(*[

Annotations:
D:4 1 runed translucent door, hemabe71's ghost, novice HuAr
D:10 exclusion: downstairs
D:12 exclusion: downstairs
Lair:1 exclusion: downstairs
Lair:4 Ludaler's ghost, journeyman DDGl


Innate Abilities, Weirdness & Mutations

You can breathe blasts of noxious fumes.
Your lurid green scales are hard. (AC +9)
You cannot fit into any form of body armour.
Your tail ends in a venomous barb.
Your system is resistant to poisons. (rPois)
You are cold-blooded and may be slowed by cold attacks.


Message History

You slash the reaper! You burn the reaper.
The reaper is moderately wounded.
The reaper closely misses you. You block the reaper's attack.
You hit the reaper but do no damage.
The reaper is moderately wounded.
The reaper hits you with a +2 scythe of freezing!!!
The reaper freezes you.
The reaper hits you with a +0 scythe of freezing.
You slash the reaper! You burn the reaper.
The reaper is heavily wounded.
You block the reaper's attack. The reaper hits you but does no damage.
You closely miss the reaper.
The reaper is heavily wounded.
The reaper hits you with a +2 scythe of freezing!!
The reaper hits you with a +0 scythe of freezing.
You slice the reaper!! You burn the reaper.
Your tail-slap misses the reaper.
The reaper is almost dead.
You block the reaper's attack. x2
You hit the reaper. You burn the reaper. You tail-slap the reaper.
The reaper is almost dead.
You hit the reaper. You burn the reaper.
The reaper is almost dead.
The reaper is lost in a daze.
The reaper hits you with a +0 scythe of freezing!!
* * * LOW HITPOINT WARNING * * *
The reaper freezes you.
* * * LOW HITPOINT WARNING * * *
You feel much better. You block the reaper's attack.
The reaper hits you with a +0 scythe of freezing!
* * * LOW HITPOINT WARNING * * *
The reaper freezes you.
* * * LOW HITPOINT WARNING * * *
You feel much better. The reaper closely misses you.
The reaper hits you with a +0 scythe of freezing!!
* * * LOW HITPOINT WARNING * * *
The reaper freezes you.
* * * LOW HITPOINT WARNING * * *
Okay, then.
The reaper hits you from afar with a +2 scythe of freezing!!
You die...

#.#.'.......'.#.#
#'######'######'#
#...............#
####8.#####.8####
##.#)?)#.##
#.#.⌠.#.#
#.#$22#.#
#.##'##.#
#..@....#
####⌠#### ###


You could see 2 reapers.

Vanquished Creatures
  A ghost moth (Spider:1)
  A stone giant (Orc:2)
  Nessos (Lair:4)
  An entropy weaver (Spider:1)
  3 ettins
  Snorg (D:12)
  A great orb of eyes (D:13)
  3 boulder beetles
  5 caustic shrike simulacra (IceCv)
  2 centaur warriors (D:13)
  8 hydras
  3 two-headed ogres
  A radroach (Spider:1)
  4 catoblepae
  10 death yaks
  A deep troll shaman (Lair:6)
  Urug (Orc:2)
  Sonja (D:11)
  2 steelbarb worms (Spider:1)
  A spriggan simulacrum (IceCv)
  An orb spider (Spider:1)
  5 bog bodies
  A wizard (D:14)
  A necromancer (Spider:1)
  An orc knight (Orc:2)
  2 obsidian statues (IceCv)
  11 wolf spider zombies (Spider:1)
  An ugly thing (D:13)
  5 wolf spiders (Spider:1)
  2 orc sorcerers
  A manticore (D:13)
  12 cyclopes
  A moth of wrath (Spider:1)
  5 black mambas
  17 elephants
  A torpor snail (Spider:1)
  9 cane toads
  Maggie (D:8)
  3 gargoyles
  4 kobold demonologists
  A demonic crawler (Spider:1)
  An efreet (D:13)
  12 komodo dragons
  10 redback zombies (Spider:1)
  A golden dragon simulacrum (IceCv)
  9 trolls
  5 freezing wraiths (IceCv)
  5 meliai (Spider:1)
  A wind drake (shapeshifter) (D:13)
  A polar bear (Lair:6)
  Grinder (D:3)
  9 slime creatures (D:12)
  A hornet (D:7)
  5 tarantellas (Spider:1)
  4 dream sheep
  15 blink frogs
  6 tarantella zombies (Spider:1)
  9 jumping spiders (Spider:1)
  Sigmund (D:6)
  3 shadows
  3 wraiths
  2 culicivoras (Spider:1)
  2 vampires
  44 yaks
  4 wyverns
  A steam dragon (D:10)
  12 vampire mosquitoes
  3 basilisks
  Grum (D:10)
  14 redbacks (Spider:1)
  A swamp worm (Lair:3)
  6 wargs
  An acid dragon (D:8)
  5 hydra simulacra (IceCv)
  Duvessa (D:7)
  12 water moccasins
  2 sky beasts
  4 black bears
  2 ice beasts (D:7)
  A hornet zombie (D:6)
  12 orc warriors
  A boggart (D:13)
  9 ogres
  13 wolves
  2 centaurs (D:6)
  5 kobold brigands
  2 phantoms
  13 bullfrogs
  A wyvern zombie (D:7)
  4 gnoll sergeants
  2 deep troll simulacra (IceCv)
  7 scorpions
  Dowan (D:7)
  A water moccasin skeleton (D:5)
  5 wights
  An electric eel (Lair:3)
  A bullfrog zombie (D:5)
  4 hounds
  2 centaur zombies
  A jelly (D:7)
  2 gnoll shamans (D:4)
  7 orc priests
  Crazy Yiuf (D:2)
  3 iguanas
  A scorpion zombie (D:5)
  13 orc wizards
  6 hell rats (Lair:6)
  A killer bee zombie (D:8)
  27 gnolls
  11 adders
  A white imp (D:5)
  An ufetubus (D:6)
  An adder skeleton (D:5)
  4 worms
  2 dart slugs
  50 orcs
  4 endoplasms
  5 giant cockroaches
  12 hobgoblins
  A jackal (D:3)
  5 quokkas
  6 ball pythons
  3 bats (D:1)
  3 frilled lizards
  11 goblins
  31 kobolds
  3 rats
  A toadstool (D:1)
659 creatures vanquished.

Vanquished Creatures (collateral kills)
  An orb spider (Spider:1)
  3 oklob plants (Lair:4)
  A meliai (Spider:1)
  A tarantella (Spider:1)
  A jumping spider (Spider:1)
  4 redbacks (Spider:1)
11 creatures vanquished.

Vanquished Creatures (others)
  An orc priest (Orc:2)
  68 fungi
  61 plants
  4 toadstools (D:1)
134 creatures vanquished.

Grand Total: 804 creatures vanquished

Notes
Turn   | Place    | Note
-------+----------+-------------------------------------------
     0 | D:1      | Lekart the Draconian Fighter began the quest for the Orb.
     0 | D:1      | Reached XP level 1. HP: 19/19 MP: 1/1
   280 | D:1      | Reached XP level 2. HP: 26/26 MP: 2/2
   572 | D:1      | Reached XP level 3. HP: 31/31 MP: 3/3
  1204 | D:2      | Noticed a phantom
  1215 | D:2      | Killed a phantom
  1216 | D:2      | Reached XP level 4. HP: 20/40 MP: 4/4
  1362 | D:2      | Reached XP level 5. HP: 44/46 MP: 5/5
  1588 | D:2      | Found a runed translucent door.
  1589 | D:2      | Noticed Crazy Yiuf
  1952 | D:3      | Noticed Grinder
  1964 | D:3      | Killed Grinder
  1965 | D:3      | Reached skill level 1 in Maces & Flails
  1965 | D:3      | Reached skill level 4 in Shields
  1965 | D:3      | Reached XP level 6. HP: 47/52 MP: 6/6
  2049 | D:3      | You fall into a shaft and drop 2 floors!
  2049 | D:5      | Entered Level 5 of the Dungeon
  2528 | D:3      | Found a snail-covered altar of Cheibriados.
  2645 | D:3      | Found a faded altar of an unknown god.
  2824 | D:3      | Your scales start taking on a lurid green colour.
  2824 | D:3      | Reached XP level 7. HP: 55/60 MP: 7/7
  2824 | D:3      | Gained mutation: Your system is resistant to poisons.
                  | (rPois) [Green Draconian growth]
  3050 | D:3      | Found a basalt altar of Yredelemnul.
  3574 | D:3      | Reached skill level 5 in Shields
  3770 | D:2      | Killed Crazy Yiuf
  4175 | D:4      | Reached XP level 8. HP: 63/67 MP: 8/8
  4373 | D:4      | Found a runed translucent door.
  4373 | D:4      | Noticed hemabe71's ghost (novice HuAr)
  4433 | D:4      | Reached skill level 5 in Fighting
  4871 | D:5      | Found a hazy altar of Hepliaklqana.
  4880 | D:5      | Reached skill level 5 in Dodging
  4908 | D:5      | Found the +4 dagger "Morg" {pain, Will+ Int+5}
  4917 | D:5      | Reached skill level 6 in Shields
  5044 | D:5      | Reached skill level 5 in Maces & Flails
  5895 | D:6      | Reached XP level 9. HP: 34/74 MP: 9/9
  6373 | D:6      | Noticed Sigmund
  6383 | D:6      | Killed Sigmund
  6384 | D:6      | Reached skill level 7 in Shields
  7032 | D:7      | Found a staircase to the Ecumenical Temple.
  7147 | Temple   | Entered the Ecumenical Temple
  7256 | Temple   | Became a worshipper of Zin the Law-Giver
  7256 | Temple   | Reached * piety under Zin
  7378 | D:7      | Noticed Dowan
  7380 | D:7      | Noticed Duvessa
  7383 | D:7      | Killed Dowan
  7389 | D:7      | Killed Duvessa
  7390 | D:7      | Reached skill level 1 in Invocations
  7687 | D:7      | Reached ** piety under Zin
  8134 | D:8      | Noticed Maggie
  8157 | D:8      | Killed Maggie
  8359 | D:8      | Reached XP level 10. HP: 70/84 MP: 11/11
  8807 | D:8      | Found an opulent altar of Gozag.
  9051 | D:9      | Reached skill level 8 in Shields
  9320 | D:9      | Reached *** piety under Zin
  9969 | D:9      | Found a stormy altar of Qazlal.
 10027 | D:10     | Entered Level 10 of the Dungeon
 10036 | D:10     | Noticed Grum
 10060 | D:10     | Killed Grum
 10139 | D:10     | Found a staircase to the Lair.
 10454 | D:10     | Noticed a gargoyle
 10473 | D:10     | Killed a gargoyle
 10474 | D:10     | Reached XP level 11. HP: 71/94 MP: 14/14
 10503 | D:10     | Reached skill level 9 in Shields
 10742 | D:10     | Found Doexkeg's Antique Weapon Boutique.
 10881 | D:10     | Identified the +1 robe of Yfreghe {Will++ Dex+2 Slay-5}
 10976 | D:10     | Noticed a two-headed ogre
 10982 | D:10     | Reached skill level 5 in Invocations
 10982 | D:10     | Reached skill level 1 in Evocations
 10990 | D:10     | Killed a two-headed ogre
 11320 | D:10     | Found a sparkling altar of Nemelex Xobeh.
 11757 | D:11     | Noticed Sonja
 11793 | Lair:1   | Entered Level 1 of the Lair of Beasts
 12747 | D:11     | Killed Sonja
 13095 | D:11     | Noticed a boulder beetle
 13559 | D:11     | Killed a boulder beetle
 13560 | D:11     | Reached skill level 10 in Shields
 13779 | D:11     | Noticed a soul eater
 14339 | D:12     | Reached skill level 10 in Maces & Flails
 14540 | D:12     | Noticed a four-headed hydra
 14980 | Lair:1   | Reached XP level 12. HP: 51/103 MP: 16/16
 15488 | Lair:2   | Reached **** piety under Zin
 15924 | Lair:2   | Noticed a seven-headed hydra
 16152 | Lair:2   | Learned a level 2 spell: Passwall
 16204 | Lair:3   | Noticed a catoblepas
 16234 | Lair:3   | Killed a catoblepas
 16235 | Lair:3   | Reached skill level 11 in Shields
 16699 | Lair:3   | Identified the +6 whip of World's End {freeze, rF++ rC++
                  | Will-}
 17701 | Lair:3   | Noticed a death yak
 18476 | D:13     | Noticed a two-headed ogre
 18485 | D:13     | Killed a two-headed ogre
 19018 | D:13     | Noticed a boulder beetle
 19070 | D:13     | Killed a boulder beetle
 19310 | D:13     | Noticed a centaur warrior
 19310 | D:13     | Noticed a centaur warrior
 19321 | D:13     | Killed a centaur warrior
 19322 | D:13     | Reached XP level 13. HP: 77/112 MP: 13/19
 19336 | D:13     | Reached skill level 12 in Shields
 20207 | D:12     | Found a staircase to the Orcish Mines.
 20420 | Orc:1    | Entered Level 1 of the Orcish Mines
 20420 | Orc:1    | Found Saschuwete's Superlative Supplies.
 20422 | Orc:1    | Noticed Snorg
 20613 | D:12     | Killed Snorg
 20888 | Orc:1    | Reached ***** piety under Zin
 21095 | Orc:2    | Entered Level 2 of the Orcish Mines
 21095 | Orc:2    | Noticed an ettin
 21095 | Orc:2    | Found Pead's Antique Weapon Emporium.
 21246 | Orc:1    | Reached skill level 10 in Fighting
 22006 | Orc:1    | Reached skill level 10 in Dodging
 22015 | Orc:2    | Noticed an ettin
 22043 | Orc:2    | Noticed a stone giant
 22043 | Orc:2    | Noticed an ettin
 22043 | Orc:2    | Noticed Urug
 22043 | Orc:2    | Found Yrrejewkiaca's General Store.
 22043 | Orc:2    | Found Gemech's Book Shop.
 23343 | Lair:2   | Found the +7 Kryia's mail coat {PotionHeal*2 rC+}
 23352 | Lair:2   | Found a hole to the Spider Nest.
 23384 | Lair:2   | Reached skill level 5 in Long Blades
 25571 | Lair:3   | Found a staircase to the Swamp.
 26707 | Lair:4   | Identified a scroll of acquirement
 26708 | Lair:4   | Acquired 907 gold pieces
 27777 | Lair:4   | Reached skill level 13 in Shields
 27935 | Lair:4   | Noticed Nessos
 28511 | Lair:3   | Gained mutation: Your tail ends in a venomous barb. [Green
                  | Draconian growth]
 28511 | Lair:3   | Reached XP level 14. HP: 122/122 MP: 21/21
 28758 | Lair:4   | Killed Nessos
 29295 | Lair:5   | Found a runed translucent gate.
 29296 | Lair:5   | Found a runed translucent gate.
 29297 | Lair:5   | Found a runed translucent gate.
 29299 | Lair:5   | Noticed Ludaler's ghost (journeyman DDGl)
 29525 | Lair:5   | Reached skill level 10 in Invocations
 30867 | Lair:5   | Identified the +10 broad axe of Death's Door {drain, rPois
                  | rF++ rCorr Stlth+}
 30925 | Lair:5   | Found a viscous altar of Jiyva.
 30927 | Lair:5   | Found a staircase to the Slime Pits.
 31748 | Lair:6   | Entered Level 6 of the Lair of Beasts
 33895 | Lair:5   | Reached skill level 14 in Shields
 35029 | Orc:1    | Bought a manual of Shields for 1280 gold pieces
 35342 | Orc:2    | Paralysed by an orc sorcerer for 5 turns
 36067 | Orc:2    | Reached XP level 15. HP: 127/130 MP: 23/23
 36091 | Orc:2    | Found a staircase to the Elven Halls.
 36098 | Orc:2    | Bought a potion of might for 60 gold pieces
 36271 | Orc:2    | Killed Urug
 36658 | Orc:2    | Found Hojifexu's Antique Armour Shoppe.
 36935 | Spider:1 | Entered Level 1 of the Spider Nest
 36984 | Spider:1 | Reached skill level 15 in Shields
 37060 | Spider:1 | Reached ****** piety under Zin
 37647 | Spider:1 | Identified the ring of Ytojoz {rPois rF+ Str+7}
 39458 | Spider:1 | Reached skill level 16 in Shields
 40396 | Spider:2 | Found a frozen archway.
 40402 | IceCv    | Entered an ice cave
 41641 | IceCv    | Reached skill level 10 in Long Blades
 42898 | IceCv    | Slain by a reaper

Illustrated notes

Levels and vault maps discovered:
D:1:      enne_arrival_octagon_isle, layout_rooms, minmay_gold_behind_fungi
D:2:      wander_river, layout_basic, minmay_circle_x, uniq_crazy_yiuf_cottage
D:3:      layout_basic, mainiacjoe_overflow_24_doors,
          mainiacjoe_overflow_cross_hatched,
          shapermc_ecumenical_altar_totnotflames, serial_bayou_pond_e,
          minmay_fractal_squares_diagonal_5, uniq_grinder
D:4:      layout_loops_ring, gammafunk_ghost_grave
D:5:      minmay_skewed_foursquare, layout_rooms, mainiacjoe_overflow_alcove_1
D:6:      layout_layer_cave, st_stairs_13, chequers_serial_rivers_large_b,
          corexii_shack, uniq_sigmund
D:7:      layout_rooms, temple_doors_e, hangedman_decor_growths, uniq_duvessa
D:8:      layout_rooms, nicolae_overflow_hidden_temple, uniq_maggie
D:9:      layout_loops_ring, lemuel_coloured_pillars_altar, chequers_mini_garden
D:10:     layout_layer_cave, kennysheep_mini, david_lair_generic, serial_shops,
          nicolae_shop_behind_doors, uniq_grum
D:11:     layout_rooms, uniq_sonja
D:12:     layout_rooms, orc_0_dummy, minmay_door_square
D:13:     minmay_tearing_corner, layout_irregular_city
D:14:     layout_roguey, grunt_vaults_entry_tiered, serial_undead,
          serial_undead_f, serial_undead_f, serial_undead_c, serial_undead_b,
          serial_shops, nicolae_shop_bloodbath_and_beyond,
          nicolae_gozag_cash_rules_everything_around_me,
          kennysheep_small_spiral, uniq_josephine
Temple:   compressed_dpeg_circular_temple
Lair:1:   layout_cave_shapes
Lair:2:   layout_chaotic_city, dummy_spider_entry
Lair:3:   layout_cave_pods, nicolae_swamp_entry_splash_gauntlet
Lair:4:   layout_small_grid, gauntlet_entry_generic, dpeg_oklob_1, uniq_nessos
Lair:5:   layout_small_grid, slime_altar_1, gammafunk_ghost_hydra_chop,
          beast_lair_carwin_10, serial_bayou_shore_b, grunt_megastairs_4
Lair:6:   grunt_lair_end_beastmaster, layout_long_grid
Spider:1: lemuel_spider_zombies
Spider:2: layout_spider_delve, portal_ice_cave_entry_pillars_three, uniq_donald,
          uniq_aizul
Orc:1:    layout_caves, nicolae_alphabet_shops, uniq_snorg
Orc:2:    grunt_orc_gardens, layout_caves, grunt_orc_garden, grunt_orc_garden,
          grunt_orc_garden, grunt_orc_garden, uniq_urug
IceCv:    ice_cave_tombish

Skill      XL: |  1  2  3  4  5  6  7  8  9 10 11 12 13 14 15 |
---------------+----------------------------------------------+-----
Dodging        | 3 4 5 6 7 8 9 10 11 12 | 12.0
Long Blades    | 3 6 7 10 | 10.1
Fighting       | 4 5 6 7 8 9 10 11 | 11.9
Maces & Flails | 1 2 4 6 8 9 10 11 12 | 12.1
Shields        | 4 5 6 7 8 10 11 13 14 16 | 16.7
Invocations    | 2 4 6 8 9 11 12 | 12.1
Evocations     | 2 |  2.8

Action                   |  1- 3 |  4- 6 |  7- 9 | 10-12 | 13-15 || total
-------------------------+-------+-------+-------+-------+-------++-------
Melee: Long sword        |    63 |       |       |       |   159 ||   222
       Tailslap          |     4 |    12 |    58 |   204 |   510 ||   788
       Whip              |    40 |   100 |   447 |   998 |   790 ||  2375
       Scimitar          |       |       |       |       |  1075 ||  1075
Throw: Throwing net      |       |       |       |     2 |     1 ||     3
Invok: Recite            |       |       |     3 |     4 |     9 ||    16
       Vitalisation      |       |       |       |    12 |    16 ||    28
       Imprison          |       |       |       |     3 |     6 ||     9
       Sanctuary         |       |       |       |       |     5 ||     5
 Abil: Breathe Noxious F |       |       |     8 |    26 |    24 ||    58
Evoke: Wand              |       |       |     3 |    26 |    11 ||    40
       Lightning rod     |       |       |       |       |    14 ||    14
  Use: Scroll            |     2 |     2 |     8 |     4 |    16 ||    32
       Potion            |     2 |       |     7 |     4 |     7 ||    20
 Stab: Sleeping          |       |       |     2 |       |     2 ||     4
       Confused          |       |       |     3 |    25 |    26 ||    54
       Distracted        |       |       |     1 |       |       ||     1
       Petrifying        |       |       |       |       |     1 ||     1
Armor: Skin              |    38 |    31 |    94 |   161 |   463 ||   787
Dodge: Dodged            |    73 |    45 |   235 |   638 |  1735 ||  2726
Block: Buckler           |    27 |    19 |   105 |   313 |  1075 ||  1539

Table legend: (Time is in decaauts)
 A = Elapsed time spent in this place.
 B = Non-inter-level travel time spent in this place.
 C = Inter-level travel time spent in this place.
 D = Time resting spent in this place.
 E = Time spent auto-exploring this place.
 F = Levels seen in this place.
 G = Mean time per level.
                   A        B        C        D        E       F      G
               +--------+--------+--------+--------+--------+-----+--------+
         Total |  42376 |  40679 |   1697 |  17439 |  14090 |  26 | 1629.8 |
       Dungeon |  18817 |  17584 |   1233 |   5884 |   8491 |  14 | 1344.1 |
        Temple |    119 |    109 |     10 |      0 |     61 |   1 |  119.0 |
          Lair |  14727 |  14367 |    360 |   6452 |   4789 |   6 | 2454.5 |
   Spider Nest |   3210 |   3177 |     33 |   1705 |    350 |   2 | 1605.0 |
  Orcish Mines |   2997 |   2938 |     59 |   1472 |    399 |   2 | 1498.5 |
      Ice Cave |   2503 |   2503 |      0 |   1925 |      0 |   1 | 2503.0 |
               +--------+--------+--------+--------+--------+-----+--------+

Top non-repeatable levels by time:
  Lair:3: 3903 daAuts
  Lair:5: 3316 daAuts
Spider:1: 3204 daAuts
    D:10: 3077 daAuts
   IceCv: 2503 daAuts
    D:12: 2420 daAuts
  Lair:6: 2400 daAuts
  Lair:2: 2186 daAuts
   Orc:1: 2091 daAuts
  Lair:4: 1994 daAuts
    D:11: 1578 daAuts
     D:3: 1561 daAuts
    D:13: 1508 daAuts
     D:2: 1428 daAuts
     D:4: 1276 daAuts
